 Dungeon Crawl Stone Soup version 0.20-a0-555-gf6ae02d (webtiles) character file.

270 Nvm9 the Covered (level 6, -3/49 HPs)
             Began as a Demonspawn Fighter on Feb 7, 2017.
             Slain by yrara's ghost (10 damage)
             ... on level 3 of the Dungeon.
             The game lasted 00:03:39 (2545 turns).

Nvm9 the Covered (Demonspawn Fighter)               Turns: 2545, Time: 00:03:39

Health: -3/49      AC: 11    Str: 19    XL:     6   Next: 1%
Magic:  6/6        EV:  5    Int: 14    God:
Gold:   107        SH:  9    Dex: 12    Spells: 5/5 levels left

rFire    . . .     SeeInvis .   a - +0 war axe
rCold    + . .     Gourm    .   k - +0 chain mail
rNeg     . . .     Faith    .   c - +0 shield
rPois    .         Spirit   .   i - +0 helmet
rElec    .         Reflect  .   (no cloak)
rCorr    .         Harm     .   (no gloves)
MR       .....                  (no boots)
Stlth    ..........             (no amulet)
Regen    0.2/turn               (no ring)
                                (no ring)

@: brilliant
A: rugged brown scales 1, cold resistance 1, freezing cloud immunity
a: no special abilities


You were on level 3 of the Dungeon.
You were hungry.

You visited 1 branch of the dungeon, and saw 3 of its levels.

You collected 107 gold pieces.

Inventory:

Hand Weapons
 a - a +0 war axe (weapon)
 d - a +0 dagger of electrocution
Missiles
 o - 6 tomahawks of dispersal (quivered)
Armour
 c - a +0 shield (worn)
 i - a +0 helmet (worn)
 k - a +0 chain mail (worn)
Jewellery
 m - an uncursed amulet of regeneration {unknown}
 r - a cursed ring of loudness {unknown}
Scrolls
 e - 2 scrolls of magic mapping {unknown}
 h - 3 scrolls of teleportation {unknown}
 j - a scroll of fear {unknown}
 l - 3 scrolls of noise {unknown}
 n - a scroll of amnesia {unknown}
 p - a scroll of remove curse {unknown}
 q - 4 scrolls of blinking {unknown}
 s - a scroll of random uselessness {unknown}
Comestibles
 f - 2 bread rations
 g - a royal jelly


   Skills:
 + Level 3.9 Fighting
 + Level 2.8 Axes
 * Level 4.3 Armour
 + Level 3.8 Shields


You had 5 spell levels left.
You didn't know any spells.

Dungeon Overview and Level Annotations

Branches:
Dungeon (3/15)

Altars:
Qazlal

Annotations:
D:3 yrara's ghost, weakling DDFi


Innate Abilities, Weirdness & Mutations

You are partially covered in rugged brown scales. (AC +1, +3% HP)
Your flesh is cold resistant. (rC+)
You are immune to freezing clouds.


Message History

You block yrara's ghost's attack. Yrara's ghost barely misses you.
You hit yrara's ghost but do no damage.
Yrara's ghost is severely damaged.
Yrara's ghost hits you but does no damage.
It was a potion of brilliance.
You feel clever all of a sudden. You block yrara's ghost's attack.
Your shield and chain mail prevent you from hitting yrara's ghost.
Yrara's ghost is severely damaged.
You block yrara's ghost's attack. x2
You hit yrara's ghost.
Yrara's ghost is severely damaged.
You block yrara's ghost's attack.
You slash yrara's ghost!
Yrara's ghost is almost destroyed.
Yrara's ghost barely misses you. You block yrara's ghost's attack.
You closely miss yrara's ghost.
Yrara's ghost is almost destroyed.
Yrara's ghost hits you!
You die...

........g......
≈≈≈≈≈≈....≈≈≈≈≈≈≈≈≈
≈≈≈≈≈≈....≈≈≈≈≈≈≈≈≈
≈≈≈≈≈≈.g..≈≈≈≈≈≈≈≈
...S.h.S..........
.######.h##..#.#.#
#g#####.#.#.# #..#
##W###....#.########
##..#
#####@#..##.†.........
....#
#......#.......<......
#...#
#.###.......#.##......
#...#
#.#....######.##......
#...##### ##.#.##.###
#.###.....
#...#...###..........
#........†
#........##........#.
...###.....
..........#.#....#.#
...# ####.#
.................#..
..# #.#


You could see yrara's ghost and a gnoll.

Vanquished Creatures
  Grinder (D:3)
  A gnoll (D:3)
  An adder (D:2)
  An ooze (D:3)
  2 worms
  2 dart slugs
  A leopard gecko (D:1)
  4 orcs (D:3)
  4 giant cockroaches
  2 goblins (D:2)
  7 hobgoblins
  6 jackals
  A ball python (D:3)
  3 bats
  4 frilled lizards
  9 kobolds
  A rat (D:3)
50 creatures vanquished.

Notes
Turn   | Place    | Note
-------+----------+-------------------------------------------
     0 | D:1      | Nvm9 the Demonspawn Fighter began the quest for the Orb.
     0 | D:1      | Reached XP level 1. HP: 18/18 MP: 1/1
   317 | D:1      | Reached skill level 3 in Armour
   333 | D:1      | Gained mutation: You are partially covered in rugged brown scales. (AC +1, +3% HP) [demonic ancestry]
   333 | D:1      | Reached XP level 2. HP: 15/24 MP: 2/2
   899 | D:2      | Found a faded altar of an unknown god.
  1111 | D:2      | Reached XP level 3. HP: 19/29 MP: 3/3
  2005 | D:3      | Gained mutation: Your flesh is cold resistant. (rC+) [demonic ancestry]
  2005 | D:3      | Reached XP level 4. HP: 27/36 MP: 4/4
  2137 | D:3      | Noticed Grinder
  2157 | D:3      | Paralysed by Grinder for 4 turns
  2173 | D:3      | Killed Grinder
  2173 | D:3      | Reached skill level 4 in Armour
  2173 | D:3      | Reached XP level 5. HP: 15/43 MP: 5/5
  2427 | D:3      | Found a stormy altar of Qazlal.
  2506 | D:3      | Gained mutation: You are immune to freezing clouds. [demonic ancestry]
  2506 | D:3      | Reached XP level 6. HP: 49/49 MP: 6/6
  2520 | D:3      | Noticed yrara's ghost (weakling DDFi)
  2545 | D:3      | Slain by yrara's ghost

Vault maps used:
D:1:      lightli_arrival_statuegarden
D:2:      chequers_ecumenical_altar_twisty
D:3:      lemuel_castle_with_subvaults, nicolae_overflow_hidden_temple,
          first_bread, uniq_grinder

Skill      XL: |  1  2  3  4 |
---------------+-------------+-----
Armour         | 3 4 |  4.3
Shields        | 3 |  3.8
Axes           | 2 |  2.8
Fighting       | |  3.9

Action                   |  1- 3 |  4- 6 || total
-------------------------+-------+-------++-------
Melee: War axe           |   141 |    82 ||   223
  Use: Potion            |     3 |     2 ||     5
  Eat: Chunk             |     4 |     1 ||     5
Armor: Chain mail        |    95 |    27 ||   122
       Scale mail        |     4 |       ||     4
       Skin              |       |    25 ||    25
Dodge: Dodged            |    21 |    19 ||    40
Block: Shield            |    91 |    61 ||   152
